 Dungeon Crawl Stone Soup version 0.25-a0-690-g234afa57d4 (webtiles) character file.

Game seed: 15140231697636930366, levelgen mode: deterministic

5929 kae the Grappler (level 10, 0/94 HPs)
             Began as a Yellow Draconian Transmuter on Mar 30, 2020.
             Was an Initiate of Hepliaklqana.
             Engulfed by a steam dragon's steam (6 damage)
             ... on level 8 of the Dungeon.
             The game lasted 00:10:30 (9995 turns).

kae the Grappler (Yellow Draconian Transmuter)      Turns: 9995, Time: 00:10:31

Health: 0/94       AC:  6    Str: 12    XL:     10   Next: 54%
Magic:  19/20      EV: 10    Int: 18    God:    Hepliaklqana [......]
Gold:   304        SH:  0    Dex: 11    Spells: 7/22 levels left

rFire    x . .     SeeInvis .     - Unarmed
rCold    + + +     Gourm    .   (shield currently unavailable)
rNeg     . . .     Faith    .   (armour unavailable)
rPois    +         Spirit   .   (helmet currently unavailable)
rElec    .         Reflect  .   (cloak currently unavailable)
rCorr    .         Harm     .   (gloves currently unavailable)
MR       .....                  (boots currently unavailable)
Stlth    +.........             (no amulet)
HPRegen  0.25/turn              (no ring)
MPRegen  0.17/turn              (no ring)

@: ice-form
A: large, (spit acid), unfitting armour, reduced essence, AC +7
a: End Transformation, Recall Ancestor, Ancestor Identity, Renounce Religion


You were on level 8 of the Dungeon.
You worshipped Hepliaklqana.
Hepliaklqana was noncommittal.
You were not hungry.
You were a creature of crystalline ice.
You visited 2 branches of the dungeon, and saw 9 of its levels.
You also visited: Ossuary.

You collected 421 gold pieces.
You spent 117 gold pieces at shops.

Inventory:

Missiles
 a - 139 arrows
Armour
 l - a +1 pair of gloves (melded)
 t - a +2 cloak (melded)
Wands
 b - a wand of iceblast (10)
 i - a wand of paralysis (6)
 j - a wand of digging (8)
 p - a wand of acid (7)
 s - a wand of polymorph (14)
Scrolls
 e - a scroll of amnesia
 h - a scroll of enchant weapon {unknown}
 k - 6 scrolls of identify
 q - 5 scrolls of remove curse
 w - a scroll of fog
Potions
 d - 3 potions of lignification
 f - 4 potions of stabbing
 g - a potion of curing
 m - a potion of flight
 n - 2 potions of mutation
 r - a potion of cancellation
 v - 2 potions of ambrosia
Comestibles
 c - 4 rations


   Skills:
 + Level 7.8 Fighting
 - Level 1.7 Dodging
 * Level 10.5 Unarmed Combat
 + Level 6.8 Spellcasting
 + Level 7.4 Transmutations


You had 7 spell levels left.
You knew the following spells:

 Your Spells              Type           Power        Failure   Level  Hunger
a - Beastly Appendage     Tmut           ####..       1%          1    None
b - Sticks to Snakes      Tmut           ####....     1%          2    None
c - Spider Form           Tmut/Pois      ###.......   7%          3    ##.....
d - Blade Hands           Tmut           ####......   14%         5    #####..
e - Ice Form              Ice/Tmut       ###.....     24%         4    ####...

Your spell library contained the following spells:

 Spells                   Type           Power        Failure   Level  Hunger
 Corona                   Hex            #......      11%         1    None
 Ensorcelled Hibernation  Hex/Ice        #.....       17%         2    None
 Confusing Touch          Hex            #.......     32%         3    ##.....
 Dazzling Flash           Conj/Hex       #.....       32%         3    ##.....
 Tukima's Dance           Hex            #.......     32%         3    ##.....


Dungeon Overview and Level Annotations

Branches:
Dungeon (8/15)             Temple (1/1) D:7         Ossuary (visited)
   Lair: D:8-11

Altars:
Ashenzari
Cheibriados
Dithmenos
Elyvilon
Fedhas
Gozag
Hepliaklqana
Kikubaaqudgha
Makhleb
Nemelex Xobeh
Okawaru
Qazlal
Ru
Sif Muna
Trog
Uskayaw
Vehumet
Wu Jian
Xom
Yredelemnul
Zin
The Shining One

Shops:
D:4 *

Annotations:
D:7 exclusion: upstairs


Innate Abilities, Weirdness & Mutations

((You can spit globs of acid.))
((Your golden yellow scales are hard. (AC +7)))
You cannot fit into any form of body armour.
((You are cold-blooded and may be slowed by cold attacks.))
((You are resistant to acid. (rCorr)))
Your life essence is reduced to manifest your ancestor. (-10% HP)


Message History

Servia barely misses the hippogriff.
You punch the hippogriff! You freeze the hippogriff.
You kill the hippogriff!
a - 139 arrows (gained 3)
Things that are here:
a +0 giant club; a hippogriff corpse You start resting.
The steam dragon is too close now for your liking.
A steam dragon is nearby!
You butcher the hippogriff corpse.
Things that are here:
a +0 giant club; a chunk of flesh; a hippogriff skeleton A steam dragon is nearby!
The steam dragon breathes steam at you. The ball of steam hits you!!!
The steam scalds you terribly!
* * * LOW HITPOINT WARNING * * *
There is a stone staircase leading up, spattered with blood here.
You see here an arrow.
You are engulfed in a cloud of scalding steam.
You die...

### #.......(......#
..#####....#.#.#######
#....#.........D...#
#.##.#.......#...#.####
..............<.......>
#.##.#.....###.§..######
#.##.#(.........§(......
#.......)...##.#§.##...
#.##.######(.).)YR# ..
#. #.# ######### # #..
###


You could see the friendly Servia the ancestor.

Vanquished Creatures
  Harold (D:7)
  Pikel (D:7)
  Psyche (D:7)
  Grinder (D:6)
  2 hippogriffs
  A hungry ghost (D:4)
  Duvessa (D:5)
  An orc warrior (D:6)
  2 ice beasts
  A slave (D:7)
  3 phantoms
  4 ogres
  4 centaurs
  Blork the orc (D:6)
  An elf zombie (Ossuary)
  4 bullfrogs
  Dowan (D:5)
  2 scorpions
  9 wights
  4 crimson imps
  A bullfrog zombie (D:8)
  4 bullfrog skeletons
  2 centaur zombies
  7 hounds
  3 jellies (D:6)
  Crazy Yiuf (D:3)
  4 orc priests
  8 orc wizards
  An iguana (D:7)
  Ijyb (D:3)
  6 worker ants
  3 big kobold zombies (Ossuary)
  A hound zombie (D:5)
  2 mummies (Ossuary)
  2 worker ant zombies
  4 gnolls (D:3)
  6 adders
  2 shadow imps
  An ooze (D:2)
  3 adder skeletons
  2 adder zombies
  A worm (D:2)
  2 dart slugs
  5 leopard geckos
  22 orcs
  4 giant cockroaches
  8 goblins
  4 hobgoblins
  6 jackals (D:1)
  10 kobolds
  2 quokkas
  8 bats
  6 frilled lizards
  A goblin zombie (Ossuary)
  9 hobgoblin zombies (Ossuary)
  A jackal zombie (Ossuary)
  10 kobold zombies (Ossuary)
  7 orc zombies (Ossuary)
  3 rats
  2 rat zombies (Ossuary)
220 creatures vanquished.

Vanquished Creatures (collateral kills)
  A centaur zombie (D:8)
1 creature vanquished.

Vanquished Creatures (others)
  2 slaves (D:7)
  A bullfrog (D:7)
  2 ancestors (D:8)
  A giant cockroach (D:7)
6 creatures vanquished.

Grand Total: 227 creatures vanquished

Notes
Turn   | Place    | Note
-------+----------+-------------------------------------------
     0 | D:1      | kae the Draconian Transmuter began the quest for the Orb.
     0 | D:1      | Reached XP level 1. HP: 16/16 MP: 3/3
   352 | D:1      | Reached XP level 2. HP: 23/23 MP: 3/5
   356 | D:1      | Learned a level 2 spell: Sticks to Snakes
  1249 | D:1      | Reached XP level 3. HP: 24/29 MP: 6/6
  1254 | D:1      | Learned a level 3 spell: Spider Form
  2256 | D:3      | Noticed Ijyb
  2270 | D:3      | Killed Ijyb
  2270 | D:3      | Reached skill level 4 in Unarmed Combat
  2270 | D:3      | Reached XP level 4. HP: 29/36 MP: 4/7
  2494 | D:3      | Found a shimmering blue altar of Sif Muna,
  2647 | D:3      | Found a runed translucent door,
  2648 | D:3      | Noticed Crazy Yiuf
  2937 | D:3      | Reached XP level 5. HP: 42/42 MP: 6/9
  3098 | D:3      | Killed Crazy Yiuf
  3476 | D:4      | Reached XP level 6. HP: 47/51 MP: 6/10
  3519 | D:4      | Noticed a hungry ghost
  3533 | D:4      | Killed a hungry ghost
  3533 | D:4      | Reached skill level 5 in Unarmed Combat
  3721 | D:4      | Your scales start taking on a golden yellow colour.
  3721 | D:4      | Reached XP level 7. HP: 46/58 MP: 7/12
  3721 | D:4      | Gained mutation: You are resistant to acid. (rCorr) [Yellow
                  | Draconian growth]
  3768 | D:4      | Found Oryepne's Assorted Antiques,
  3773 | D:4      | Bought a scroll labeled JEUXKOUGIE for 30 gold pieces
  3773 | D:4      | Bought a scroll labeled PINOOCIFISOEW for 30 gold pieces
  3773 | D:4      | Bought a scroll labeled DUCIMAXTAM for 30 gold pieces
  3773 | D:4      | Bought a viscous brown potion for 27 gold pieces
  3994 | D:4      | Found a blossoming altar of Fedhas,
  4028 | D:4      | Found a shattered altar of Ashenzari,
  4109 | D:4      | Reached skill level 6 in Unarmed Combat
  4460 | D:5      | Entered Level 5 of the Dungeon
  4614 | D:5      | Noticed Duvessa
  4632 | D:5      | Noticed Dowan
  4647 | D:5      | Killed Duvessa
  4657 | D:5      | Killed Dowan
  4657 | D:5      | Reached XP level 8. HP: 57/67 MP: 14/14
  5056 | D:5      | Reached skill level 7 in Unarmed Combat
  5236 | D:5      | Reached skill level 5 in Fighting
  5458 | D:6      | Noticed Blork the orc
  5467 | D:6      | Reached skill level 5 in Transmutations
  5479 | D:6      | Killed Blork the orc
  5682 | D:6      | Reached skill level 5 in Spellcasting
  5690 | D:6      | HP: 5/103 [poisoned by a worker ant]
  5696 | D:6      | HP: 4/103 [poisoned by a worker ant]
  5702 | D:6      | HP: 3/103 [poisoned by a worker ant]
  5707 | D:6      | Found a sand-covered staircase,
  5710 | D:6      | HP: 2/69 [poisoned by a worker ant]
  5717 | Ossuary  | Entered an ossuary
  6247 | Ossuary  | Learned a level 4 spell: Ice Form
  6250 | Ossuary  | Reached skill level 8 in Unarmed Combat
  6283 | Ossuary  | Reached XP level 9. HP: 56/75 MP: 16/16
  6415 | D:6      | Learned a level 5 spell: Blade Hands
  6460 | D:6      | Noticed Grinder
  6464 | D:6      | Paralysed by Grinder for 4 turns
  6475 | D:6      | Killed Grinder
  6718 | D:6      | Found a shadowy altar of Dithmenos,
  7609 | D:7      | Reached skill level 9 in Unarmed Combat
  7709 | D:7      | Noticed Pikel
  7730 | D:7      | Killed Pikel
  8039 | D:7      | Noticed Harold
  8521 | D:7      | Killed Harold
  8521 | D:7      | Reached XP level 10. HP: 60/86 MP: 14/19
  8562 | D:7      | Found a staircase to the Ecumenical Temple,
  8574 | Temple   | Entered the Ecumenical Temple
  8686 | D:6      | Found a hazy altar of Hepliaklqana,
  8695 | D:6      | Became a worshipper of Hepliaklqana the Forgotten
  8839 | D:8      | Noticed Psyche
  8852 | D:8      | Reached skill level 10 in Unarmed Combat
  9235 | D:7      | Killed Psyche
  9995 | D:8      | Engulfed by a steam dragon's steam

Levels and vault maps discovered:
D:1:      noname_arrival_rooms_in_the_neighbourhood, layout_basic
D:2:      layout_rooms
D:3:      layout_loops_ring, marbit_many_paths, first_ration,
          minmay_misc_feat_ornament, uniq_crazy_yiuf_cottage, uniq_ijyb
D:4:      layout_loops_corners, lemuel_crystal_altar, serial_shops,
          nicolae_shop_crystal, fedhas_altar_2
D:5:      layout_rooms, serial_park_tiny_1, uniq_duvessa
D:6:      layout_loops_ring, nicolae_overflow_hidden_temple, kennysheep_mini,
          nicolae_ossuary_entry_monument, uniq_grinder, uniq_blork_the_orc
D:7:      layout_rooms, temple_hall, uniq_pikel, uniq_harold
D:8:      layout_basic, grunt_ogre_cave, grunt_decor_arrowhead, uniq_psyche
Temple:   nicolae_temple_no_exploring_needed

Skill      XL: |  1  2  3  4  5  6  7  8  9 10 |
---------------+-------------------------------+-----
Fighting       | 2 3 4 5 7 |  7.8
Unarmed Combat | 4 5 6 8 9 10 | 10.5
Transmutations | 3 4 5 6 7 |  7.4
Spellcasting   | 3 4 5 6 |  6.8
Dodging        | |  1.7

Action                   |  1- 3 |  4- 6 |  7- 9 | 10-12 || total
-------------------------+-------+-------+-------+-------++-------
Melee: Unarmed           |   151 |   155 |   453 |    64 ||   823
       Headbutt          |     6 |     1 |     1 |       ||     8
       Tailslap          |    11 |    12 |    35 |       ||    58
       Kick              |     6 |     6 |     5 |       ||    17
       Punch             |     4 |     2 |    13 |       ||    19
 Cast: Beastly Appendage |    26 |     9 |     8 |       ||    43
       Spider Form       |     1 |     6 |    16 |     3 ||    26
       Ice Form          |       |       |     9 |     5 ||    14
       Blade Hands       |       |       |     4 |     1 ||     5
Invok: Recall Ancestor   |       |       |       |     1 ||     1
 Abil: Breathe Acid      |       |       |     2 |       ||     2
Evoke: Wand              |       |       |     1 |       ||     1
  Use: Scroll            |     1 |       |    12 |     6 ||    19
       Potion            |       |       |    15 |     1 ||    16
 Stab: Invisible         |       |       |     1 |       ||     1
  Eat: Chunk             |     4 |     8 |    11 |     2 ||    25
       Ration            |       |       |     3 |     1 ||     4
Armor: Skin              |    28 |    61 |   120 |    21 ||   230
Dodge: Dodged            |    96 |    91 |   235 |    52 ||   474

Table legend:
 A = Non-vault XP
 B = Vault XP
 C = Vault XP percentage of total XP
 D = Non-vault monster count
 E = Vault monster count
 F = Vault count percentage of total count
                 A         B        C        D         E       F
            +---------+---------+-------+---------+---------+-------
      Total |    5286 |    3184 |  37.6 |     171 |      49 |  22.3
            +---------+---------+-------+---------+---------+-------
        D:1 |      42 |       0 |   0.0 |      24 |       0 |   0.0
        D:2 |      31 |       0 |   0.0 |      16 |       0 |   0.0
        D:3 |     105 |      77 |  42.3 |      21 |       3 |  12.5
        D:4 |     852 |       0 |   0.0 |      22 |       0 |   0.0
        D:5 |     607 |     225 |  27.0 |      20 |       2 |   9.1
        D:6 |    1425 |     377 |  20.9 |      34 |       2 |   5.6
        D:7 |    1311 |    2097 |  61.5 |      19 |       3 |  13.6
        D:8 |     913 |     121 |  11.7 |      15 |       1 |   6.2
    Ossuary |       0 |     287 | 100.0 |       0 |      38 | 100.0
            +---------+---------+-------+---------+---------+-------
